 Dungeon Crawl Stone Soup version 0.27.1 (webtiles) character file.

Game seed: 2230862026257260338

53 r3algoood the Chopper (level 3, -11/33 HPs)
             Began as a Hill Orc Berserker on Sept 2, 2021.
             Was a Believer of Trog.
             Mangled by Sigmund (15 damage)
             ... on level 2 of the Dungeon.
             The game lasted 00:03:44 (1348 turns).

r3algoood the Chopper (Hill Orc Berserker)          Turns: 1348, Time: 00:03:45

Health: -11/33     AC:  2    Str: 20    XL:     3   Next: 89%
Magic:  3/3        EV: 12    Int:  7    God:    Trog [**....]
Gold:   37         SH:  0    Dex: 10    Spells: 2/2 levels left

rFire    . . .     SeeInvis .   a - +0 hand axe
rCold    . . .     Faith    .   (no shield)
rNeg     . . .     Spirit   .   b - +0 animal skin
rPois    .         Reflect  .   (no helmet)
rElec    .         Harm     .   (no cloak)
rCorr    .         Rampage  .   (no gloves)
Will     .....                  (no boots)
Stlth    +.........             (no amulet)
HPRegen  0.11/turn              (no ring)
MPRegen  0.08/turn              (no ring)

@: no status effects
A: no striking features
a: Renounce Religion, Berserk, Trog's Hand


You were on level 2 of the Dungeon.
You worshipped Trog.
Trog was pleased with you.
You visited 1 branch of the dungeon, and saw 2 of its levels.

You collected 37 gold pieces.

Inventory:

Hand Weapons
 a - a +0 hand axe (weapon)
Missiles
 h - 6 atropa-tipped darts (quivered)
Armour
 b - a +0 animal skin (worn)
Scrolls
 c - a scroll of identify {unknown}
 d - a scroll of torment {unknown}
 e - a scroll of enchant armour {unknown}
 f - a scroll of noise {unknown}
 i - a scroll of blinking {unknown}
Potions
 g - 2 potions of haste {unknown}
 j - 2 potions of brilliance {unknown}


   Skills:
 + Level 4.2 Fighting
 + Level 5.1 Axes
 * Level 2.4 Armour
 + Level 2.0 Dodging


You had 2 spell levels left.
You didn't know any spells.
Your spell library contained the following spells:

 Spells                   Type           Power      Damage    Failure   Level
 Portal Projectile        Hex/Tloc       0%         N/A       80%         3
 Blade Hands              Tmut           0%         N/A       100%        5
 Excruciating Wounds      Necr           0%         N/A       100%        5


Dungeon Overview and Level Annotations

Branches:
Dungeon (2/15)

Altars:

Annotations:
D:2 Sigmund


Message History

You hit Sigmund.
Sigmund is heavily wounded.
You barely miss the hobgoblin. The hobgoblin barely misses you.
Sigmund barely misses you.
You hit Sigmund.
Sigmund is severely wounded.
You hit the hobgoblin.
You kill the hobgoblin!
Trog accepts your kill.
You hit the rat.
You kill the rat!
Trog accepts your kill.
You can now call upon Trog for regeneration and willpower.
Sigmund breathes a few words.
Sigmund's hands start flickering wildly.
Sigmund barely misses you.
You barely miss Sigmund.
Sigmund is severely wounded.
Sigmund closely misses you.
You closely miss Sigmund.
Sigmund is severely wounded.
You hit Sigmund but do no damage.
Sigmund is severely wounded.
Sigmund misses you.
You barely miss Sigmund.
Sigmund is severely wounded.
Sigmund casts a spell at you. The magic dart hits you.
You barely miss Sigmund.
Sigmund is severely wounded.
Sigmund gestures wildly while chanting.
Sigmund flickers and vanishes!
Deactivating autopickup; reactivate with Ctrl-A.
You hit something but do no damage. Something hits you!
* * * LOW HITPOINT WARNING * * *
x2 You hear some strange, mumbled words.
Something tries to affect you, but you resist.
There is an open door here.
Something hits you!
You die...

..........##
....# #.#.##.
####.......#
.....# #...##.
#.....#.#.....##
######.
#######.# #. #.#
#. #.## ## #(.#
##.## #.@#
#####'###.#
#.).†.{...#
#.........#
#.........#
#.........#
#.........#
#.........#
#.........#


There were no monsters in sight!

Vanquished Creatures
  An adder (D:2)
  A gnoll (D:1)
  A dart slug (D:1)
  5 ball pythons
  5 bats
  4 endoplasms
  A giant cockroach (D:1)
  3 hobgoblins
  2 kobolds (D:1)
  2 frilled lizards (D:1)
  3 goblins
  3 rats
31 creatures vanquished.

Vanquished Creatures (others)
  A withered plant (D:1)
1 creature vanquished.

Grand Total: 32 creatures vanquished

Notes
Turn   | Place    | Note
-------+----------+-------------------------------------------
     0 | D:1      | r3algoood the Hill Orc Berserker began the quest for the
                  | Orb.
     0 | D:1      | Reached XP level 1. HP: 19/19 MP: 1/1
   123 | D:1      | Reached XP level 2. HP: 19/27 MP: 2/2
   251 | D:1      | Reached XP level 3. HP: 25/33 MP: 3/3
   485 | D:1      | Found a faded altar of an unknown god.
   944 | D:2      | Reached skill level 5 in Axes
  1332 | D:2      | Noticed Sigmund
  1339 | D:2      | Reached ** piety under Trog
  1348 | D:2      | Mangled by Sigmund

Illustrated notes

Levels and vault maps discovered:
D:1:      matt_arrival_diagonals, layout_rooms,
          ebering_ecumenical_altar_petrified
D:2:      layout_basic, uniq_sigmund

Skill      XL: |  1  2  3 |
---------------+----------+-----
Fighting       | 4 |  4.2
Axes           | 5 |  5.1
Dodging        | 2 |  2.0
Armour         | |  2.4

Action                   || total
-------------------------++-------
Melee: Hand axe          ||    97
Armor: Animal skin       ||    30
Dodge: Dodged            ||    89
